 Dungeon Crawl Stone Soup version 0.28.0-53-g5a82cb258f (webtiles) character file.

Game seed: 7433798518219225833

866 Plasmagod the Conjurer (level 7, -6/36 HPs)
             Began as a Deep Elf Conjurer on July 23, 2022.
             Shot with an arrow by a centaur (8 damage)
             ... on level 5 of the Dungeon.
             The game lasted 00:12:51 (4855 turns).

Plasmagod the Conjurer (Deep Elf Conjurer)          Turns: 4855, Time: 00:12:51

Health: -6/36      AC:  5    Str:  4    XL:     7   Next: 72%
Magic:  17/28      EV: 13    Int: 25    God:
Gold:   231        SH:  0    Dex: 13    Spells: 6/19 levels left

rFire   . . .      SeeInvis +   u - +0 rapier
rCold   . . .      Faith    +   t - orb {light}
rNeg    . . .      Spirit   .   a - +0 robe
rPois   .          Reflect  .   (no helmet)
rElec   .          Harm     .   (no cloak)
rCorr   .          Rampage  .   s - +0 pair of gloves
Will    .....      Clarity  +   (no boots)
Stlth   +.........              k - amulet of faith
HPRegen 0.12/turn               j - ring of magical power
MPRegen 0.21/turn               m - ring of see invisible

@: glowing
A: iridescent scales 1, clarity, screaming 1
a: no special abilities


You were on level 5 of the Dungeon.
You visited 1 branch of the dungeon, and saw 5 of its levels.

You collected 231 gold pieces.

Inventory:

Hand Weapons
 u - a +0 rapier (weapon)
Missiles
 i - 2 throwing nets
Armour
 a - a +0 robe (worn)
 s - a +0 pair of gloves (worn)
 t - an orb of light (worn)
Jewellery
 j - a ring of magical power (left hand)
 k - an amulet of faith (around neck)
 m - a ring of see invisible (right hand)
 p - a ring of protection from cold
 r - an amulet of the acrobat
Scrolls
 c - a scroll of fear {unknown}
 e - 6 scrolls of identify {unknown}
 f - 2 scrolls of teleportation {unknown}
 g - a scroll of fog {unknown}
 l - a scroll of enchant armour {unknown}
 n - a scroll of immolation {unknown}
 o - a scroll of magic mapping {unknown}
Potions
 b - a potion of attraction {unknown}
 d - a potion of resistance {unknown}
 h - a potion of mutation
 q - a potion of flight {unknown}


   Skills:
 + Level 0.2 Fighting
 + Level 0.5 Staves
 + Level 3.1 Dodging
 + Level 3.3 Stealth
 + Level 6.6 Spellcasting
 + Level 7.4 Conjurations
 * Level 3.6 Hexes
 * Level 3.0 Summonings


You had 6 spell levels left.
You knew the following spells:

 Your Spells              Type           Power      Damage    Failure   Level
a - Magic Dart            Conj           100%       1d8       1%          1
b - Searing Ray           Conj           90%        2d7       1%          2
c - Dazzling Flash        Conj/Hex       72%        N/A       2%          3
d - Fulminant Prism       Conj/Hex       18%        3d11      7%          4
e - Stone Arrow           Conj/Erth      54%        3d10      4%          3

Your spell library contained the following spells:

 Spells                   Type           Power      Damage    Failure   Level
 Slow                     Hex            100%       N/A       1%          1
 Summon Small Mammal      Summ           92%        N/A       1%          1
 Confusing Touch          Hex            26%        N/A       4%          3
 Summon Guardian Golem    Hex/Summ       25%        N/A       5%          3
 Call Canine Familiar     Summ           23%        N/A       6%          3
 Sandblast                Erth           16%        2d6       7%          1
 Passwall                 Tmut/Erth      6%         N/A       11%         2
 Iskenderun's Mystic Bla  Conj/Tloc      26%        2d7       16%         4
 Vampiric Draining        Necr           8%         2d6       21%         3


Dungeon Overview and Level Annotations

Branches:
Dungeon (5/15)
 Temple: D:4-7

Altars:
Dithmenos
Elyvilon
Gozag
Hepliaklqana
Makhleb

Shops:
D:2 !


Innate Abilities, Weirdness & Mutations

You are partially covered in iridescent scales. (AC +2)
You possess an exceptional clarity of mind.
You occasionally shout uncontrollably at your foes.


Message History

Casting: Fulminant Prism (quite dangerous; 7% risk of failure)
Confirm with . or Enter, or press ? or * to list all spells.
The spell is quite dangerous to miscast (7% risk of failure)!
Continue anyway?
Aiming: Fulminant Prism (quite dangerous; 7% risk of failure)
Press: ? - help, Dir - move target You conjure a prism of explosive energy!
A fulminant prism comes into view.
The centaur shoots an arrow.
The arrow hits you!
* * * LOW HITPOINT WARNING * * *
Your fulminant prism crackles loudly.
Your fulminant prism explodes!
You hear a shout!
It was a potion of mutation.
You feel extremely strange.
Iridescent scales grow over part of your body.
You feel the urge to shout.
Your thoughts seem clearer.
The centaur shoots an arrow.
The arrow hits you.
* * * LOW HITPOINT WARNING * * *
The centaur shoots an arrow.
The arrow closely misses you.
You are not religious.
Casting: Fulminant Prism (quite dangerous; 7% risk of failure)
Confirm with . or Enter, or press ? or * to list all spells.
The spell is quite dangerous to miscast (7% risk of failure)!
Continue anyway?
Aiming: Fulminant Prism (quite dangerous; 7% risk of failure)
Press: ? - help, Dir - move target You conjure a prism of explosive energy!
A fulminant prism comes into view.
An orc comes into view. It is wielding a +0 hand axe.
The orc shouts!
The centaur shoots an arrow.
The arrow hits your fulminant prism!
Your fulminant prism detonates feebly.
An orc comes into view. It is wielding a +0 hand axe.
The centaur shoots an arrow.
The arrow hits you.
* * * LOW HITPOINT WARNING * * *
Aiming: Magic Dart (safe; 1% risk of failure)
Press: ? - help, Q - select action, (/) - cycle Shift-Dir - straight line, f - centaur
Aim: a centaur, wielding a +0 shortbow and quivering arrows (100% to hit)
The magic dart hits the centaur.
The centaur is lightly wounded.
The centaur shoots an arrow.
The arrow hits you!
You die...

.# .# #### .# #..## .#
#...###### .####
#........# ....#
#........# ....#
####........###.### ....#
#....[...[.....oo.c
....####........@..###.###
...................###.##
########............c.....
....................(...##
########.######.........#
#.# #.........#
###'######.........#
#...........########
#......######


You could see a centaur and 2 orcs.

Vanquished Creatures
  Menkaure (D:4)
  An ogre (D:4)
  Blork the orc (D:4)
  5 scorpions
  Natasha (thrice) (D:4)
  Robin (D:4)
  6 gnolls
  6 adders
  2 worms (D:2)
  3 dart slugs
  An orc (D:5)
  8 bats
  8 endoplasms
  7 giant cockroaches
  8 hobgoblins
  8 jackals
  7 quokkas
  6 ball pythons
  3 frilled lizards (D:1)
  16 goblins
  3 kobolds
  6 rats
  A spectral hobgoblin (D:4)
111 creatures vanquished.

Vanquished Creatures (others)
  5 fulminant prisms
  2 fungi (D:4)
7 creatures vanquished.

Grand Total: 118 creatures vanquished

Notes
Turn   | Place    | Note
-------+----------+-------------------------------------------
     0 | D:1      | Plasmagod the Deep Elf Conjurer began the quest for the
                  | Orb.
     0 | D:1      | Reached XP level 1. HP: 10/10 MP: 6/6
   348 | D:1      | Reached XP level 2. HP: 15/15 MP: 6/8
   370 | D:1      | Learned a level 2 spell: Searing Ray
   988 | D:1      | Reached skill level 5 in Conjurations
  1370 | D:2      | Reached XP level 3. HP: 19/19 MP: 5/10
  1609 | D:2      | Reached XP level 4. HP: 24/24 MP: 9/11
  1747 | D:2      | Reached skill level 6 in Conjurations
  2093 | D:2      | Found Myliggas's Distillery.
  2150 | D:2      | Learned a level 3 spell: Dazzling Flash
  2983 | D:3      | Reached XP level 5. HP: 28/28 MP: 13/13
  3423 | D:4      | Noticed an ogre
  3428 | D:4      | Killed an ogre
  3429 | D:4      | Reached skill level 1 in Hexes
  3429 | D:4      | Reached skill level 1 in Summonings
  3499 | D:4      | Noticed Robin
  3510 | D:4      | Killed Robin
  3511 | D:4      | Reached XP level 6. HP: 23/32 MP: 11/15
  3530 | D:4      | Noticed Menkaure
  3534 | D:4      | Killed Menkaure
  3535 | D:4      | Reached skill level 5 in Spellcasting
  3570 | D:4      | Noticed Natasha
  3572 | D:4      | Killed Natasha
  3737 | D:4      | Reached skill level 7 in Conjurations
  3737 | D:4      | Reached XP level 7. HP: 14/36 MP: 15/17
  3787 | D:4      | Noticed Natasha
  3791 | D:4      | Killed Natasha
  4017 | D:4      | Noticed Natasha
  4020 | D:4      | Killed Natasha
  4064 | D:4      | Noticed Blork the orc
  4071 | D:4      | Learned a level 4 spell: Fulminant Prism
  4075 | D:4      | Learned a level 3 spell: Stone Arrow
  4082 | D:4      | Killed Blork the orc
  4209 | D:4      | Found a hazy altar of Hepliaklqana.
  4305 | D:4      | Found a burning altar of Makhleb.
  4604 | D:5      | Entered Level 5 of the Dungeon
  4640 | D:5      | Found an opulent altar of Gozag.
  4641 | D:5      | Found a shadowy altar of Dithmenos.
  4643 | D:5      | Found a white marble altar of Elyvilon.
  4852 | D:5      | Gained mutation: You are partially covered in iridescent
                  | scales. (AC +2) [potion of mutation]
  4852 | D:5      | Gained mutation: You occasionally shout uncontrollably at
                  | your foes. [potion of mutation]
  4852 | D:5      | Gained mutation: You possess an exceptional clarity of
                  | mind. [potion of mutation]
  4855 | D:5      | Shot with an arrow by a centaur

Illustrated notes

Levels and vault maps discovered:
D:1:      saegor_arrival_simple_c, layout_basic, minmay_bisected
D:2:      layout_basic, serial_shops, nicolae_shop_behind_doors
D:3:      layout_basic, kennysheep_decorative_pillar, serial_bayou_pond_c
D:4:      old_forge, layout_cave_pools, nicolae_hepliaklqana_monster_ancestors,
          lightli_temple_of_fire, serial_column_ruins,
          column_ruins_columns_dead_end, column_ruins_open_tiny,
          column_ruins_grid_1, uniq_blork_the_orc, uniq_natasha, uniq_robin,
          uniq_menkaure
D:5:      layout_basic, tgw_xom, grunt_temple_overflow_open

Skill      XL: |  1  2  3  4  5  6  7 |
---------------+----------------------+-----
Conjurations   | 5 6 7 |  7.4
Spellcasting   | 4 5 6 |  6.6
Hexes          | 1 2 3 |  3.6
Summonings     | 1 2 3 |  3.0
Stealth        | 3 |  3.3
Dodging        | 3 |  3.1
Fighting       | |  0.2
Staves         | |  0.5

Action                   |  1- 3 |  4- 6 |  7- 9 || total
-------------------------+-------+-------+-------++-------
Melee: Quarterstaff      |     7 |     2 |       ||     9
 Cast: Magic Dart        |    48 |    89 |    28 ||   165
       Searing Ray       |     1 |    20 |    10 ||    31
       Dazzling Flash    |       |     1 |       ||     1
       Fulminant Prism   |       |       |     5 ||     5
       Stone Arrow       |       |       |     2 ||     2
  Use: Potion            |       |       |     1 ||     1
Armor: Robe              |     4 |     5 |     1 ||    10
Dodge: Dodged            |    12 |    15 |     2 ||    29
